AoeStats
← 亮有一计如此如此

Arabia

506118505Analyzed
4v4 RM · 20d ago on Sep 12, 2026· 55m 31s· 8 players
Game mode
Random Map
Map size
Large (8 player)
Population
200
Speed
Normal
Resources
Standard
Victory
Conquest
Starting age
Dark Age
Ending age
Imperial Age
RankedLock teamsTeams togetherTeam positionsShared explorationLock speedFull tech treeHidden civsTurbo modeCheats
Victory
Defeat
🇹🇷 Magyars · Türkiye
1097
+12
🇹🇷 Franks · Türkiye
1072
+13
🇹🇷 Burgundians · Türkiye
1010
+15
🇹🇷 Khitans · Türkiye
986
+16
1013
-15
🇹🇼 Cumans · Taiwan
1002
-14
🇩🇪 Byzantines · Germany
1000
-42
🇦🇷 Britons · Argentina
978
-13
亮有一计如此如此
11:35 Feudal Age
15:08 Castle Age
13:26 Double-Bit Axe
15:02 Horse Collar
16:07 Horse Collar
18:33 Loom
23:24 Gold Mining
23:57 Bow Saw
24:54 Pikeman
25:42 Scale Mail Armor
25:53 Forging
27:56 Wheelbarrow
27:26 Heavy Plow
27:35 Town Watch
28:38 Stone Mining
31:33 Imperial Age
31:29 Anarchy
32:12 Squires
33:24 Conscription
33:53 Chain Mail Armor
34:13 Iron Casting
33:53 Elite Huskarl
40:45 Perfusion
42:00 Hand Cart
46:31 Two-Man Saw
46:03 Crop Rotation
46:10 Caravan
45:56 Halberdier
52:06 Capped Ram
KlickKlaus6062
10:44 Feudal Age
14:35 Double-Bit Axe
GL.Herq
11:37 Feudal Age
13:40 Double-Bit Axe
16:20 Castle Age
15:00 Gold Mining
16:21 Fletching
17:35 Crossbowman
22:56 Bodkin Arrow
27:31 Padded Archer Armor
45:34 Horse Collar
46:56 Bow Saw
50:17 Heavy Plow
53:10 Loom
GL.DuaT
11:01 Feudal Age
13:47 Double-Bit Axe
14:42 Man-at-Arms
18:07 Arson
25:58 Castle Age
24:41 Horse Collar
25:24 Stone Mining
26:25 Bloodlines
26:05 Pikeman
26:46 Squires
29:00 Bow Saw
28:50 Gold Mining
30:09 Wheelbarrow
29:49 Heavy Plow
30:18 Fletching
30:24 Capped Ram
32:27 Scale Mail Armor
32:37 Forging
36:46 Bodkin Arrow
36:51 Padded Archer Armor
39:49 Leather Archer Armor
44:10 Imperial Age
46:48 Imperial Age
45:16 Iron Casting
44:56 Chain Mail Armor
45:19 Chain Mail Armor
GrayWolf
0:30 Loom
11:13 Feudal Age
16:19 Double-Bit Axe
22:01 Castle Age
19:53 Domestication
20:19 Gold Mining
20:21 Stone Mining
23:40 Stone Shaft Mining
23:48 Wheelbarrow
23:47 Husbandry
26:17 Pastoralism
26:30 Bow Saw
26:44 Light Cavalry
30:05 Thumb Ring
29:26 Heavy Cavalry Archer
30:20 Thumb Ring
30:18 Fletching
31:08 Bodkin Arrow
31:32 Forging
32:12 Padded Archer Armor
32:17 Scale Barding Armor
41:27 Imperial Age
39:17 Leather Archer Armor
39:37 Iron Casting
39:03 Scale Mail Armor
39:25 Chain Barding Armor
39:10 Elite Skirmisher
44:07 Conscription
44:44 Ballistics
45:25 Chemistry
44:07 Elite Liao Dao
52:00 Elite Steppe Lancer
espinoza
10:24 Feudal Age
9:33 Loom
12:47 Scale Barding Armor
16:25 Forging
24:49 Castle Age
22:42 Double-Bit Axe
23:28 Gold Mining
23:32 Stone Mining
25:50 Wheelbarrow
25:31 Scale Mail Armor
26:13 Gold Shaft Mining
27:15 Bow Saw
28:28 Iron Casting
29:28 Husbandry
30:22 Chain Barding Armor
31:07 Iron Casting
31:34 Fletching
35:35 Hand Cart
38:18 Imperial Age
37:47 Murder Holes
38:14 Ballistics
37:55 Bodkin Arrow
38:45 Cavalier
40:15 Plate Barding Armor
41:08 Conscription
43:06 Chemistry
43:12 Blast Furnace
45:47 Padded Archer Armor
46:03 Chain Mail Armor
47:44 Elite Skirmisher
50:20 Paladin
52:43 Chivalry
53:42 Leather Archer Armor
53:58 Plate Mail Armor
Constantine
0:29 Loom
10:02 Horse Collar
10:10 Double-Bit Axe
14:01 Feudal Age
13:34 Gold Mining
15:13 Bow Saw
15:13 Heavy Plow
18:14 Man-at-Arms
27:33 Castle Age
27:09 Wheelbarrow
26:51 Scale Barding Armor
26:57 Forging
26:58 Gold Mining
27:00 Stone Mining
28:45 Husbandry
28:05 Cavalier
30:08 Two-Man Saw
31:13 Crop Rotation
32:18 Crossbowman
35:16 Gold Shaft Mining
36:58 Fletching
37:08 Padded Archer Armor
37:12 Elite Skirmisher
42:10 Imperial Age
40:28 Ballistics
46:03 Hand Cart
48:23 Chain Barding Armor
48:38 Iron Casting
48:18 Paladin
51:49 Iron Casting
51:49 Plate Barding Armor
53:52 Blast Furnace
BİSMARCK
8:37 Loom
10:56 Feudal Age
16:29 Castle Age
14:52 Double-Bit Axe
15:44 Horse Collar
23:04 Bloodlines
25:54 Wheelbarrow
26:09 Bow Saw
27:21 Heavy Plow
33:57 Imperial Age
33:13 Hand Cart
32:49 Town Watch
33:07 Husbandry
33:52 Corvinian Army
35:06 Conscription
34:51 Recurve Bow
38:05 Parthian Tactics
40:05 Heavy Cavalry Archer
40:53 Padded Archer Armor
43:20 Ballistics
44:00 Chemistry
44:42 Gold Mining
46:47 Fletching
47:14 Leather Archer Armor
47:04 Scale Barding Armor
47:14 Leather Archer Armor
48:13 Thumb Ring
Connection lost

Rejoining the realm…

Still unreachable

The connection could not be restored.

Session expired

The server has moved on; the page needs a fresh start.